 Dungeon Crawl Stone Soup version 0.28-a0-983-g1de4e0787c (webtiles) character file.

Game seed: 17813243313807321040

5653 mcbry74 the Severer (level 10, -11/83 HPs)
             Began as a Hill Orc Fighter on Dec 2, 2021.
             Was a Priest of Beogh.
             Killed by refrigeration
             ... invoked by Fannar
              (21 damage)
             ... on level 10 of the Dungeon.
             The game lasted 00:33:28 (13692 turns).

mcbry74 the Severer (Hill Orc Fighter)             Turns: 13692, Time: 00:33:28

Health: -11/83     AC: 16    Str: 23 (24) XL:     10   Next: 74%
Magic:  13/13      EV:  6    Int:  7 (8)  God:    Beogh [***...]
Gold:   566        SH: 12    Dex:  9 (10) Spells: 9/9 levels left

rFire   + . .      SeeInvis .   a - +0 war axe (protect)
rCold   . . .      Faith    .   v - +0 tower shield
rNeg    . . .      Spirit   .   y - +2 ring mail {rF+}
rPois   .          Reflect  .   M - +0 helmet
rElec   .          Harm     .   (no cloak)
rCorr   .          Rampage  .   (no gloves)
Will    .....                   (no boots)
Stlth   ..........              (no amulet)
HPRegen 0.23/turn               K - +4 ring of slaying
MPRegen 0.13/turn               r - +4 ring of slaying

@: under a protective aura, hasted, very quick
A: no striking features
a: Renounce Religion, Smiting


You were on level 10 of the Dungeon.
You worshipped Beogh.
Beogh was most pleased with you.
You visited 1 branch of the dungeon, and saw 10 of its levels.

You collected 566 gold pieces.

Inventory:

Hand Weapons
 a - a +0 war axe of protection (weapon)
 u - a +0 falchion
 O - a +4 flail
 S - a +2 whip of electrocution
 U - a +2 trident of protection
 V - a +0 battleaxe
Missiles
 q - 76 poisoned darts (quivered)
 s - 5 boomerangs
Armour
 b - a +0 scale mail
 c - a +0 buckler
 o - a scarf of harm
 v - a +0 tower shield (worn)
 y - a +2 ring mail of fire resistance (worn)
 E - a +0 plate armour
 M - a +0 helmet (worn)
 P - a scarf of shadows
 T - a +2 leather armour of cold resistance
Jewellery
 p - a ring of positive energy
 r - a +4 ring of slaying (right hand)
 D - a ring of see invisible
 F - a ring of fire
 K - a +4 ring of slaying (left hand)
Wands
 f - a wand of iceblast (16)
 k - a wand of paralysis (3)
 w - a wand of digging (2)
 C - a wand of mindburst (13)
 R - a wand of polymorph (17)
Scrolls
 h - 2 scrolls of blinking
 i - 2 scrolls of fog
 l - a scroll of enchant armour
 m - 5 scrolls of teleportation
 t - a scroll of fear
 Q - a scroll of identify
Potions
 d - 3 potions of attraction
 e - 3 potions of curing
 g - a potion of mutation
 j - 2 potions of brilliance
 x - a potion of cancellation
 G - a potion of flight
 H - a potion of magic
 I - a potion of resistance {unknown}
 L - 2 potions of might
 N - a potion of degeneration


   Skills:
 + Level 5.7 Fighting
 - Level 16.1(16.4) Axes
 + Level 3.9(9.7) Maces & Flails
 + Level 1.6(2.6) Slings
 + Level 3.1(3.4) Throwing
 + Level 5.1 Armour
 + Level 5.0 Shields
 + Level 4.3 Invocations
 + Level 1.9 Evocations


You had 9 spell levels left.
You didn't know any spells.
Your spell library contained the following spells:

 Spells                   Type           Power      Damage    Failure   Level
 Ensorcelled Hibernation  Hex/Ice        0%         N/A       100%        2
 Ignite Poison            Fire/Tmut/Pois 0%         N/A       100%        3
 Mephitic Cloud           Conj/Pois/Air  0%         N/A       100%        3
 Tukima's Dance           Hex            0%         N/A       100%        3
 Freezing Cloud           Conj/Ice/Air   0%         6-21      100%        5


Dungeon Overview and Level Annotations

Branches:
Dungeon (10/15)            Temple (0/1) D:4
   Lair: D:8-11         Orc: D:9-12

Altars:
Elyvilon
Gozag
Ru
Sif Muna
Trog
Zin

Shops:
D:9 *

Annotations:
D:10 Fannar


Message History

Fannar is severely wounded.
You hit Fannar.
Fannar is severely wounded.
Fannar casts a spell.
You hit Fannar but do no damage.
Fannar is severely wounded.
You barely miss the ice beast. Fannar hits you but does no damage.
You closely miss Fannar.
Fannar is severely wounded.
You hit the ice beast. The ice beast hits you.
* * * LOW HITPOINT WARNING * * *
The ice beast freezes you.
* * * LOW HITPOINT WARNING * * *
Fannar hits you with a +0 quarterstaff of freezing.
* * * LOW HITPOINT WARNING * * *
Fannar freezes you.
* * * LOW HITPOINT WARNING * * *
You hit Fannar.
Fannar is severely wounded.
You completely miss the ice beast.
The ice beast hits you but does no damage.
You slash Fannar!
Fannar is almost dead.
You slash the ice beast! Fannar closely misses you.
You closely miss Fannar.
Fannar is almost dead.
You slash the ice beast!
You kill the ice beast!
The ice beast disappears in a puff of smoke!
Fannar hits you with a +0 quarterstaff of freezing.
* * * LOW HITPOINT WARNING * * *
Fannar freezes you.
* * * LOW HITPOINT WARNING * * *
You closely miss Fannar.
Fannar is almost dead.
You hit Fannar.
Fannar is almost dead.
Fannar gestures wildly while chanting.
Fannar drains the heat from the surrounding environment!
You die...

#.......#####....#*+*,,,,,,,*,,,*
#................#,,*,,,,,,,***+*
#................#,,+,,,,,,,,,,,,
#................+,,*,,,,,,,,,,,,
#................#,,********,,,,,
######....########,,,,,,,,,*,,,,,
.'...'....#.....######,,,,,+,,,,,
.#...#....#.....#ยง...#,,,,,*,,,,,
.#...#....#....)@....#******,,,,,
##..##....#'##..#e..)...,,,,*****
###'###+#....#..#.......,,,,*
....#,,,#....#..#####...,,,,*
....#,,,#....#...* *,..,,,,*
....#,,,+....#...# *,,.,,,,*
....+,,,#....#...# *,,,,,,,*
....#,,,#....#...# *,,,,,,,*
####****#....##### *,,,,,,,*


You could see Fannar.

Vanquished Creatures
  Pikel (D:5)
  Prince Ribbit (D:7)
  Grinder (D:4)
  3 yaks (D:9)
  A steam dragon (D:9)
  An acid dragon (D:9)
  2 water moccasins
  2 orc warriors
  2 sky beasts (D:7)
  2 black bears
  3 necrophages
  2 ogres
  3 centaurs
  A phantom (D:4)
  5 kobold brigands
  4 bullfrogs
  2 scorpions
  A gnoll sergeant (D:6)
  A wyvern skeleton (D:7)
  A water moccasin skeleton (D:5)
  4 wights
  7 howler monkeys
  2 bullfrog zombies (D:5)
  3 centaur zombies
  6 orc priests
  4 hounds
  2 jellies
  2 bullfrog skeletons
  Ijyb (D:4)
  2 scorpion zombies
  Natasha (thrice) (D:2)
  7 orc wizards
  2 hound skeletons (D:4)
  A howler monkey zombie (D:6)
  12 gnolls
  A howler monkey skeleton (D:4)
  7 adders
  A white imp (D:6)
  2 ufetubi (D:4)
  An adder skeleton (D:4)
  A worm (D:2)
  3 dart slugs
  26 orcs
  4 bats
  3 endoplasms
  5 giant cockroaches
  8 goblins
  2 hobgoblins (D:2)
  6 jackals
  31 kobolds
  2 quokkas
  11 ball pythons
  5 frilled lizards
  5 rats
221 creatures vanquished.

Vanquished Creatures (others)
  A jelly (D:4)
  A howler monkey zombie (D:9)
  An orc (D:10)
  6 plants (D:7)
9 creatures vanquished.

Grand Total: 230 creatures vanquished

Notes
Turn   | Place    | Note
-------+----------+-------------------------------------------
     0 | D:1      | mcbry74 the Hill Orc Fighter began the quest for the Orb.
     0 | D:1      | Reached XP level 1. HP: 19/19 MP: 1/1
   171 | D:1      | Reached skill level 3 in Axes
   216 | D:1      | Reached XP level 2. HP: 11/26 MP: 2/2
   664 | D:1      | Reached skill level 4 in Axes
   708 | D:1      | Found a faded altar of an unknown god.
   708 | D:1      | Noticed a reaper
  1088 | D:1      | Reached XP level 3. HP: 28/31 MP: 3/3
  1531 | D:2      | Noticed Natasha
  1539 | D:2      | Killed Natasha
  1540 | D:2      | Reached skill level 5 in Axes
  1540 | D:2      | Reached XP level 4. HP: 37/39 MP: 4/4
  1587 | D:2      | Noticed Natasha
  1596 | D:2      | Killed Natasha
  1597 | D:2      | Reached skill level 6 in Axes
  1802 | D:2      | Noticed Natasha
  1807 | D:2      | Killed Natasha
  1986 | D:2      | Reached XP level 5. HP: 39/45 MP: 5/5
  2401 | D:3      | Reached skill level 7 in Axes
  2483 | D:3      | Found a shimmering blue altar of Sif Muna.
  3412 | D:3      | Reached skill level 8 in Axes
  3412 | D:3      | Reached XP level 6. HP: 48/51 MP: 6/6
  4140 | D:4      | Became a worshipper of Beogh the Brigand
  4162 | D:4      | Found a staircase to the Ecumenical Temple.
  4175 | D:4      | Noticed Ijyb
  4182 | D:4      | Killed Ijyb
  4245 | D:4      | Noticed Grinder
  4258 | D:4      | Paralysed by Grinder for 7 turns
  4268 | D:4      | Killed Grinder
  4269 | D:4      | Reached skill level 9 in Axes
  4269 | D:4      | Reached XP level 7. HP: 16/57 MP: 7/7
  4630 | D:4      | Reached skill level 10 in Axes
  4731 | D:4      | Found a bloodstained altar of Trog.
  4762 | D:4      | Found an opulent altar of Gozag.
  4996 | D:4      | Reached * piety under Beogh
  5003 | D:4      | Reached skill level 11 in Axes
  5169 | D:5      | Entered Level 5 of the Dungeon
  5248 | D:5      | Reached XP level 8. HP: 35/64 MP: 8/8
  5254 | D:5      | Reached skill level 12 in Axes
  5525 | D:5      | Noticed Pikel
  6224 | D:5      | Killed Pikel
  6225 | D:5      | Reached skill level 14 in Axes
  6313 | D:5      | Reached XP level 9. HP: 58/70 MP: 9/9
  7045 | D:6      | Reached skill level 15 in Axes
  7345 | D:6      | Reached ** piety under Beogh
  7816 | D:6      | Reached skill level 16 in Axes
  7864 | D:7      | Found a sacrificial altar of Ru.
  7997 | D:7      | Reached skill level 1 in Maces & Flails
  7997 | D:7      | Reached skill level 1 in Invocations
  8273 | D:7      | Reached skill level 1 in Throwing
  8646 | D:7      | Found a glowing silver altar of Zin.
  8665 | D:7      | Found a white marble altar of Elyvilon.
  8686 | D:7      | Noticed Prince Ribbit
  8696 | D:7      | Killed Prince Ribbit
  8697 | D:7      | Reached XP level 10. HP: 40/80 MP: 10/12
  9889 | D:8      | Reached skill level 5 in Fighting
 10047 | D:8      | HP: 1/74 [wight (3)]
 10070 | D:7      | HP: 3/72 [wight (6)]
 10070 | D:7      | HP: 1/72 [wight (2)]
 10954 | D:8      | HP: 3/76 [poisoned by a kobold]
 11861 | D:8      | Reached *** piety under Beogh
 12073 | D:9      | Reached skill level 1 in Evocations
 12375 | D:9      | Reached skill level 1 in Slings
 12627 | D:9      | Found Qavad's General Store.
 13246 | D:9      | Reached skill level 5 in Armour
 13247 | D:9      | Reached skill level 5 in Shields
 13537 | D:10     | Entered Level 10 of the Dungeon
 13668 | D:10     | Noticed Fannar
 13692 | D:10     | Killed from afar by Fannar

Illustrated notes

Levels and vault maps discovered:
D:1:      heliophobic_arrival_enchanted_forest, layout_basic,
          dreamdust_ecumenical_altar_sealed_demon
D:2:      layout_loops_cross, chequers_arboretum, minivault_11, uniq_natasha
D:3:      layout_loops_ring, kennysheep_orc_sif_temple, chequers_garden
D:4:      cheibrodos_barr_body, layout_basic, mainiacjoe_overflow_swirl,
          minmay_temple_entry_statues, uniq_grinder, uniq_ijyb
D:5:      layout_loops_cross, st_stairs_13, kennysheep_generic_room_5,
          uniq_pikel
D:6:      layout_loops_ring, solitary_fountain
D:7:      layout_layer_cave, nicolae_ru_sacrificial_ziggurat,
          lemuel_crystal_altar, mainiacjoe_overflow_boulevard,
          uniq_prince_ribbit1
D:8:      layout_loops_ring
D:9:      layout_roguey, minmay_shop_grid_forest, kennysheep_generic_room_3
D:10:     layout_gridville, uniq_fannar

Skill      XL: |  1  2  3  4  5  6  7  8  9 10 |
---------------+-------------------------------+-----
Axes           | 3 4 5 6 8 9 11 14 16 | 16.1
Maces & Flails | 2 3 |  3.9
Invocations    | 2 4 |  4.3
Fighting       | 4 5 |  5.7
Throwing       | 2 3 |  3.1
Armour         | 4 5 |  5.1
Shields        | 4 5 |  5.0
Evocations     | 1 |  1.9
Slings         | 1 |  1.6

Action                   |  1- 3 |  4- 6 |  7- 9 | 10-12 || total
-------------------------+-------+-------+-------+-------++-------
Melee: War axe           |    92 |   151 |   218 |   180 ||   641
Throw: Dart              |       |     7 |     5 |     4 ||    16
       Throwing net      |       |       |     1 |       ||     1
Invok: Convert to Beogh  |       |     1 |       |       ||     1
  Use: Potion            |       |     2 |     1 |     4 ||     7
       Scroll            |       |       |    10 |     8 ||    18
 Stab: Held in net/web   |       |       |     1 |       ||     1
Armor: Scale mail        |    41 |    75 |       |       ||   116
       Ring mail         |       |     5 |    67 |    47 ||   119
Dodge: Dodged            |    48 |    82 |    40 |    37 ||   207
Block: Buckler           |    19 |    36 |       |       ||    55
       Tower shield      |       |    21 |   140 |    82 ||   243

Table legend: (Time is in decaauts)
 A = Elapsed time spent in this place.
 B = Non-inter-level travel time spent in this place.
 C = Inter-level travel time spent in this place.
 D = Time resting spent in this place.
 E = Time spent auto-exploring this place.
 F = Levels seen in this place.
 G = Mean time per level.
                   A        B        C        D        E       F      G
               +--------+--------+--------+--------+--------+-----+--------+
         Total |  13845 |  13589 |    256 |   4753 |   6676 |  10 | 1384.5 |
       Dungeon |  13845 |  13589 |    256 |   4753 |   6676 |  10 | 1384.5 |
               +--------+--------+--------+--------+--------+-----+--------+

Top non-repeatable levels by time:
     D:7: 2808 daAuts
     D:4: 1539 daAuts
     D:9: 1508 daAuts
     D:3: 1453 daAuts
     D:5: 1439 daAuts
     D:8: 1438 daAuts
     D:1: 1317 daAuts
     D:6: 1196 daAuts
     D:2: 1012 daAuts
    D:10: 129 daAuts
